 Dungeon Crawl Stone Soup version 0.31.0-12-g77e489cdc1 (webtiles) character file.

Game seed: 8287003457704247765

4825 lordive the Cruncher (level 10, -9/132 HPs)
             Began as a Minotaur Gladiator on Feb 28, 2024.
             Was an Initiate of Okawaru.
             Mangled by a wight
             ... wielding a +4 halberd
              (15 damage)
             ... on level 8 of the Dungeon.
             The game lasted 00:09:18 (8108 turns).

lordive the Cruncher (Minotaur Gladiator)           Turns: 8108, Time: 00:09:18

Health: -9/132     AC:  9    Str: 18    XL:     10   Next: 25%
Magic:  10/10      EV: 18    Int:  9    God:    Okawaru [......]
Gold:   440        SH:  0    Dex: 13    Spells: 9/9 levels left

rFire   . . .        a - +0 quarterstaff
rCold   . . .        (shield currently unavailable)
rNeg    . . .        o - +0 ring mail
rPois   .            c - +0 hat
rElec   .            r - +0 cloak
rCorr   .            f - +0 pair of gloves
SInv    .            (no boots)
Will    .....        (no amulet) Stlth
                     t - +5 ring of evasion
HPRegen 0.42/turn    (no ring)
MPRegen 0.12/turn

%: no passive effects
@: berserking, very quick
A: horns 2, retaliatory headbutt
a: Renounce Religion


You were on level 8 of the Dungeon.
You worshipped Okawaru.
Okawaru was noncommittal.
You visited 2 branches of the dungeon, and saw 9 of its levels.

You collected 440 gold pieces.

Inventory:

Hand Weapons
 a - a +0 quarterstaff (weapon)
 q - a +4 quarterstaff of chaos
 s - a +3 trident of draining
 F - a +2 mace of protection
Missiles
 d - 3 throwing nets (quivered)
 e - a javelin
Armour
 c - a +0 hat (worn)
 f - a +0 pair of gloves (worn)
 o - a +0 ring mail (worn)
 r - a +0 cloak (worn)
Magical Staves
 G - a staff of death
Jewellery
 n - a ring of ice
 t - a +5 ring of evasion (left hand)
Wands
 b - a wand of polymorph (10)
 E - a wand of flame (25)
Scrolls
 g - 2 scrolls of amnesia {unknown}
 h - 2 scrolls of teleportation {unknown}
 j - 2 scrolls of blinking {unknown}
 k - 4 scrolls of identify {unknown}
 m - a scroll of fear {unknown}
 u - 2 scrolls of enchant armour {unknown}
 v - a scroll of noise {unknown}
 w - a scroll of revelation {unknown}
 y - 2 scrolls of torment {unknown}
 A - 3 scrolls of vulnerability {unknown}
 B - a scroll of acquirement {unknown}
 C - a scroll of fog {unknown}
Potions
 i - a potion of heal wounds {unknown}
 l - 2 potions of berserk rage
 p - 2 potions of haste {unknown}
 x - a potion of might {unknown}
 z - 2 potions of curing {unknown}
 D - a potion of brilliance {unknown}


   Skills:
 + Level 8.2 Fighting
 + Level 12.8 Staves
 - Level 2.0 Throwing
 + Level 7.2 Armour
 + Level 7.2 Dodging
 * Level 2.0 Invocations


You had 9 spell levels left.
You didn't know any spells.
Your spell library contained the following spells:

 Spells                   Type           Power      Damage    Failure   Level
 Magic Dart               Conj           0%         1d3       54%         1
 Blink                    Tloc           0%         N/A       69%         2
 Ensorcelled Hibernation  Hex/Ice        0%         N/A       69%         2
 Lesser Beckoning         Tloc           0%         N/A       69%         2
 Mercury Vapours          Alch/Air       0%         N/A       69%         2
 Momentum Strike          Conj/Tloc      0%         3d8       69%         2
 Searing Ray              Conj           0%         2d4       69%         2
 Static Discharge         Conj/Air       0%         3-3/arc   69%         2
 Dazzling Flash           Conj/Hex       0%         N/A       89%         3
 Fugue of the Fallen      Necr           0%         N/A       89%         3
 Hailstorm                Conj/Ice       0%         3d5       89%         3
 Mephitic Cloud           Conj/Alch/Air  0%         N/A       89%         3
 Volatile Blastmotes      Fire/Tloc      0%         2d10      89%         3
 Airstrike                Air            0%         2d(0-16)  100%        4
 Anguish                  Hex/Necr       0%         N/A       100%        4
 Fulminant Prism          Conj/Alch      0%         3d5       100%        4
 Manifold Assault         Tloc           0%         N/A       100%        4
 Freezing Cloud           Conj/Ice/Air   0%         6-21      100%        5
 Dispersal                Tloc           0%         N/A       100%        6
 Starburst                Conj/Fire      0%         6d3       100%        6
 Disjunction              Tloc           0%         N/A       100%        8
 Maxwell's Capacitive Co  Air            0%         ∞         100%        8
 Summon Ice Beast         Ice/Summ       Unusable   N/A       N/A         3
 Summon Lightning Spire   Summ/Air       Unusable   N/A       N/A         4
 Sculpt Simulacrum        Ice/Alch       Unusable   N/A       N/A         6

Dungeon Overview and Level Annotations

Branches:
Dungeon (8/15)             Temple (1/1) D:4
   Lair: D:8-11

Altars:
Ashenzari
Cheibriados
Dithmenos
Elyvilon
Fedhas
Gozag
Hepliaklqana
Okawaru
Qazlal
Ru
Sif Muna
Trog
Uskayaw
Vehumet
Wu Jian
Xom
Yredelemnul
Zin
The Shining One

Shops:
D:3 (

Portals:
Abyss: D:3


Innate Abilities, Weirdness & Mutations

You have a pair of horns on your head.
You reflexively headbutt those who attack you in melee.


Message History

* * * LOW HITPOINT WARNING * * *
The centaur shoots an arrow.
The arrow misses you. The wight attacks as it pursues you!
The wight hits you with a +3 battleaxe!
* * * LOW HITPOINT WARNING * * *
The wight attacks as it pursues you! The wight misses you.
Okay, then.
It was a potion of berserk rage.
A red film seems to cover your vision as you go berserk!
You feel yourself moving faster!
You feel mighty! The wight barely misses you.
You hit the wight. Your headbutt misses the wight.
The wight is moderately damaged.
A wight comes into view. It is wielding a +0 dagger.
You barely miss the wight. Your headbutt misses the wight.
The wight is moderately damaged.
The centaur shoots an arrow.
The arrow hits you.
* * * LOW HITPOINT WARNING * * *
You bludgeon the wight!!
You destroy the wight!
Okawaru accepts your kill.
You barely miss the wight. You headbutt the wight.
The wight is moderately damaged.
You sock the wight! You headbutt the wight.
You destroy the wight!
Okawaru accepts your kill.
You barely miss the centaur.
The centaur is moderately wounded.
The centaur unwields a +0 shortbow.
The centaur closely misses you. The centaur barely misses you.
You sock the centaur!
The centaur is severely wounded.
You hit the centaur. You headbutt the centaur.
You kill the centaur!
Okawaru accepts your kill. The wight barely misses you.
Your Invocations skill increases to level 2!
Items here: )) [ †.
You hit the wight. You headbutt the wight!
The wight is almost destroyed.
The wight hits you with a +4 halberd!
You die...

##..######..## ##..###
##...#.#..... #.###......
##......# #.##....... ##....##
#.#........ ##..## #.......... ##
#..# #......c).. + #.#+ ##..#
#...##.)... ##.
#..###...##########...##.....
...###....)))...@z.z....#..zcz...
#.....#......()#z......#........
#.#..###.......#........##......
#....# ##.......................
###..####................#......
##...#...............#...###..
#.....(.............#........
##..#...............#.......#
######......................


You could see 3 wights.

Vanquished Creatures
  Jeremiah (D:6)
  Grinder (D:5)
  A hornet (D:8)
  A small abomination (D:3)
  The ghost of Consumeair16 the Chopper, an amateur HOMo of Beogh (D:4)
  A wyvern (D:8)
  Menkaure (D:5)
  2 water moccasins
  Duvessa (D:7)
  A sky beast (D:5)
  A black bear (D:5)
  An orc warrior (D:7)
  2 ice beasts
  3 hornet zombies (D:7)
  An ogre (D:5)
  4 centaurs
  2 kobold brigands
  A scorpion (D:7)
  4 wyvern zombies
  The ghost of Lhightning the Martial Artist, a weakling GnWn (D:3)
  9 wights
  Dowan (D:7)
  3 killer bees (D:8)
  A water moccasin skeleton (D:4)
  A howler monkey (D:4)
  3 bombardier beetles (D:6)
  A crimson imp (D:3)
  2 bullfrog zombies (D:7)
  4 hounds
  3 jellies
  Crazy Yiuf (D:5)
  4 orc priests
  A centaur skeleton (D:4)
  2 iguanas
  3 orc wizards
  A howler monkey zombie (D:7)
  8 adders
  3 gnolls (D:8)
  A shadow imp (D:3)
  2 ufetubi (D:6)
  5 dart slugs
  A ribbon worm (D:2)
  16 orcs
  10 endoplasms
  5 giant cockroaches
  12 goblins
  7 hobgoblins
  7 jackals
  16 kobolds
  2 quokkas
  4 ball pythons
  5 bats
  4 frilled lizards
  8 rats
187 creatures vanquished.

Notes
Turn   | Place    | Note
-------+----------+-------------------------------------------
     0 | D:1      | lordive the Minotaur Gladiator began the quest for the Orb.
     0 | D:1      | Reached XP level 1. HP: 18/18 MP: 0/0
    96 | D:2      | Reached XP level 2. HP: 25/25 MP: 1/1
   115 | D:3      | Reached skill level 4 in Staves
   142 | D:3      | Reached XP level 3. HP: 30/30 MP: 2/2
   235 | D:3      | Found a transporter.
   235 | D:3      | Found a one-way gate to the infinite horrors of the Abyss.
   235 | D:3      | Noticed a kobold brigand
   235 | D:3      | Noticed Lhightning's ghost (weakling GnWn)
   241 | D:3      | Noticed a small abomination
   280 | D:3      | Found a transporter.
   469 | D:3      | Found Natudghe's Weapon Boutique.
   534 | D:4      | Reached skill level 5 in Staves
   534 | D:4      | Reached XP level 4. HP: 18/38 MP: 3/3
   711 | D:4      | Found a runed translucent gate.
   712 | D:4      | Found a runed translucent gate.
   713 | D:4      | Found a runed translucent gate.
   787 | D:4      | Reached skill level 1 in Armour
   787 | D:4      | Reached XP level 5. HP: 45/45 MP: 4/4
   824 | D:4      | Found a staircase to the Ecumenical Temple.
   850 | Temple   | Entered the Ecumenical Temple
  1038 | D:4      | Reached skill level 6 in Staves
  1066 | D:4      | Noticed Consumeair16's ghost (amateur HOMo)
  1793 | D:5      | Entered Level 5 of the Dungeon
  1817 | D:5      | Noticed an ogre
  1825 | D:5      | Killed an ogre
  1826 | D:5      | Reached XP level 6. HP: 33/52 MP: 5/5
  1918 | D:5      | Noticed a sky beast
  1929 | D:5      | Killed a sky beast
  1930 | D:5      | Reached skill level 7 in Staves
  2265 | D:5      | Noticed a water moccasin
  2275 | D:5      | Killed a water moccasin
  2276 | D:5      | Reached XP level 7. HP: 21/60 MP: 6/6
  2521 | D:5      | Noticed Menkaure
  2528 | D:5      | Reached skill level 8 in Staves
  2528 | D:5      | Reached skill level 5 in Dodging
  2539 | D:5      | Killed Menkaure
  2723 | D:5      | Noticed Grinder
  2729 | D:5      | Paralysed by Grinder for 3 turns
  2736 | D:5      | Paralysed by Grinder for 2 turns
  2740 | D:5      | Killed Grinder
  2741 | D:5      | Reached skill level 5 in Fighting
  2741 | D:5      | Reached skill level 9 in Staves
  2741 | D:5      | Reached XP level 8. HP: 51/68 MP: 7/7
  3149 | D:5      | Found a runed translucent door.
  3150 | D:5      | Noticed Crazy Yiuf
  3408 | D:5      | Killed Crazy Yiuf
  3581 | D:6      | Noticed Jeremiah
  3596 | D:6      | Killed Jeremiah
  3977 | D:6      | Reached skill level 5 in Armour
  3982 | D:6      | Reached skill level 10 in Staves
  4112 | D:6      | Found a shimmering blue altar of Sif Muna.
  4969 | D:2      | Identified the +2 leather armour of the First Realms {Harm}
  5585 | D:3      | Found a faded altar of an unknown god.
  5909 | D:3      | Reached XP level 9. HP: 67/78 MP: 8/8
  5963 | D:3      | Killed Lhightning's ghost
  6256 | D:4      | Killed Consumeair16's ghost
  6264 | D:4      | Reached skill level 11 in Staves
  6973 | D:7      | Noticed Duvessa
  6973 | D:7      | Noticed Dowan
  6992 | D:7      | Killed Duvessa
  6997 | D:7      | Killed Dowan
  7218 | D:7      | Reached skill level 12 in Staves
  7420 | D:7      | Found an iron altar of Okawaru.
  7449 | D:7      | Became a worshipper of Warmaster Okawaru
  7567 | D:7      | Reached XP level 10. HP: 86/88 MP: 9/9
  7872 | D:8      | Reached skill level 1 in Invocations
  8092 | D:8      | HP: 2/88 [wight/+3 battleaxe (14)]
  8100 | D:8      | HP: 4/132 [centaur/arrow (2)]
  8108 | D:8      | Mangled by a wight

Illustrated notes

Levels and vault maps discovered:
D:1:      psy_arrival_spokes, layout_basic, nicolae_titane
D:2:      layout_loops_ring, serial_glass, glass_columns_b, glass_columns_b,
          glass_columns_b, glass_columns_c, glass_columns_a, glass_columns_b,
          glass_columns_a, glass_columns_a, glass_columns_b, glass_columns_b
D:3:      layout_basic, gammafunk_ghost_abyssal_escape, serial_shops,
          nicolae_shop_window_shopping, hellmonk_ecumenical_altar_prayer_group,
          grunt_decor_mini_mirrors, st_stairs_3
D:4:      layout_layer_cave, minmay_temple_entry_tees,
          gammafunk_ghost_necromancy
D:5:      layout_basic, uniq_menkaure, uniq_grinder, uniq_crazy_yiuf_cottage
D:6:      layout_loops_ring, lemuel_crystal_altar, uniq_jeremiah
D:7:      layout_basic, lemuel_doored_altar, serial_undead, serial_undead_b,
          serial_undead_c, serial_undead_b, serial_undead_d, serial_undead_a,
          serial_undead_c, serial_undead_e, uniq_duvessa
D:8:      layout_cave_pools, nemelex_spade_bored_becter, minivault_24,
          lightli_orcish_oven
Temple:   sentei_temple_godly_chess

Skill      XL: |  1  2  3  4  5  6  7  8  9 10 |
---------------+-------------------------------+-----
Staves         | 4 5 6 7 9 10 12 | 12.8
Fighting       | 3 4 5 6 7 8 |  8.2
Dodging        | 4 5 6 7 |  7.2
Armour         | 1 2 4 5 7 |  7.2
Invocations    | 2 |  2.0
Throwing       | |  2.0

Action                     |  1- 3 |  4- 6 |  7- 9 | 10-12 || total
---------------------------+-------+-------+-------+-------++-------
  Melee: Quarterstaff      |    59 |    66 |   354 |    63 ||   542
         Headbutt          |     6 |    15 |    85 |    14 ||   120
         Unarmed           |       |       |     3 |       ||     3
    Use: Potion            |       |       |       |     1 ||     1
 Armour: Leather armour    |    30 |    34 |    12 |       ||    76
         Ring mail         |       |       |   126 |    32 ||   158
         Skin              |       |       |     2 |       ||     2
  Dodge: Dodged            |    34 |    40 |   249 |    73 ||   396
